 Dungeon Crawl Stone Soup version 0.31.0-11-ge490571c62 (webtiles) character file.

Game seed: 15333319601270361605

65 qw the Shooter (level 3, -1/20 HPs)
             Began as a Deep Elf Hunter on Feb 4, 2024.
             Incinerated by a bombardier beetle (6 damage)
             ... with a burning spray
             ... on level 3 of the Dungeon.
             The game lasted 00:00:05 (1580 turns).

qw the Shooter (Deep Elf Hunter)                    Turns: 1580, Time: 00:00:05

Health: -1/20      AC:  5    Str: 10    XL:     3   Next: 92%
Magic:  5/5        EV: 11    Int: 13    God:
Gold:   72         SH:  0    Dex: 18    Spells: 2/2 levels left

rFire   . . .        a - +0 shortbow
rCold   . . .        (shield currently unavailable)
rNeg    . . .        d - +0 ring mail
rPois   .            (no helmet)
rElec   .            (no cloak)
rCorr   +            (no gloves)
SInv    .            (no boots)
Will    .....        (no amulet)
Stlth   +            c - ring of resist corrosion
HPRegen 0.23/turn    (no ring)
MPRegen 0.09/turn

%: no passive effects
@: on fire, glowing
A: no striking features
a: no special abilities


You were on level 3 of the Dungeon.
You visited 1 branch of the dungeon, and saw 3 of its levels.

You collected 72 gold pieces.


   Skills:
 - Level 1.5 Fighting
 + Level 7.4 Ranged Weapons
 - Level 2.4 Dodging
 - Level 1.2 Stealth


You had 2 spell levels left.
You didn't know any spells.
Your spell library was empty.

Inventory:

Hand Weapons
 a - a +0 shortbow (weapon)
Armour
 d - a +0 ring mail (worn)
Jewellery
 c - a ring of resist corrosion (left hand)
Potions
 e - 2 potions of curing
 g - a potion of might {unknown}
 h - a potion of cancellation {unknown}

Dungeon Overview and Level Annotations

Branches:
Dungeon (3/15)

Altars:

Shops:
D:2 =


Message History

Found an escape hatch in the ceiling.
You now have 72 gold pieces (gained 6).
A ball python comes into view.
You shoot an arrow. The arrow hits the ball python!
You kill the ball python!
An endoplasm comes into view.
You shoot an arrow. The arrow hits the endoplasm.
You kill the endoplasm!
A bombardier beetle comes into view.
You shoot an arrow.
The arrow hits the bombardier beetle but does no damage.
You shoot an arrow.
The arrow barely misses the bombardier beetle.
You shoot an arrow. The arrow hits the bombardier beetle.
The bombardier beetle is lightly wounded.
The bombardier beetle waves its antennae.
You shoot an arrow. The arrow hits the bombardier beetle!
The bombardier beetle is heavily wounded.
You shoot an arrow. The arrow hits the bombardier beetle.
The bombardier beetle is heavily wounded.
The bombardier beetle sprays incendiary fluid at you.
The burning spray hits you.
You are covered in liquid fire!
You shoot an arrow. The arrow hits the bombardier beetle.
The bombardier beetle is almost dead.
The liquid fire burns you!
You shoot an arrow. The arrow hits the bombardier beetle.
The bombardier beetle is almost dead.
The liquid fire burns you!
You shoot an arrow.
The arrow hits the bombardier beetle but does no damage.
The bombardier beetle is almost dead.
The liquid fire burns you!
The bombardier beetle sprays incendiary fluid at you.
The burning spray hits you.
You are even more covered in liquid fire!
You shoot an arrow. The arrow hits the bombardier beetle.
You kill the bombardier beetle!
The liquid fire burns you!
You die...

#)..#.........
.###.##.##.###.
...............
.###.##.##.####
# #...<# ###..#
#..# .######..#
.......@.#
.######%## #.#
#%# #.# #.# #.#
#.#


There were no monsters in sight!

Vanquished Creatures
  A bombardier beetle (D:3)
  2 adders (D:2)
  A dart slug (D:1)
  5 ball pythons
  5 endoplasms
  2 goblins
  7 hobgoblins (D:2)
  6 jackals (D:2)
  A kobold (D:2)
  3 bats
  A frilled lizard (D:2)
  6 rats
40 creatures vanquished.

Notes
Turn   | Place    | Note
-------+----------+-------------------------------------------
     0 | D:1      | qw the Deep Elf Hunter began the quest for the Orb.
     0 | D:1      | Reached XP level 1. HP: 12/12 MP: 3/3
     0 | D:1      | 0 ||| qw: Version: 0.3-a-160-g6735b56
     0 | D:1      | 0 ||| qw: Game counter: 5047
     0 | D:1      | 0 ||| qw: Melee chars always use a shield: true
     0 | D:1      | 0 ||| qw: God list: Okawaru
     0 | D:1      | 0 ||| qw: Allow faded altars: false
     0 | D:1      | 0 ||| qw: Do Orc after clearing Dungeon:15 true
     0 | D:1      | 0 ||| qw: Do second Lair branch before Depths: true
     0 | D:1      | 0 ||| qw: Lair rune preference: random
     0 | D:1      | 0 ||| qw: Goals: Normal
     0 | D:1      | 0 ||| PLANNING D:1-11
   213 | D:1      | Reached XP level 2. HP: 16/16 MP: 4/4
   217 | D:1      | Reached skill level 6 in Ranged Weapons
   537 | D:1      | 537 ||| UPGRADING to +0 ring mail.
   547 | D:1      | 547 ||| DROPPING +0 leather armour.
   548 | D:1      | 548 ||| READING scroll labelled POGOFURAXA.
   577 | D:1      | 577 ||| READING scroll labelled YPLIRH VETUERY.
   577 | D:1      | 577 ||| IDENTIFYING black potion
   578 | D:1      | 578 ||| DROPPING scroll of butterflies.
   862 | D:2      | Reached XP level 3. HP: 20/20 MP: 5/5
  1066 | D:2      | Reached skill level 7 in Ranged Weapons
  1275 | D:2      | Found Ukho's Jewellery Shop.
  1277 | D:2      | 1277 ||| SHOPLISTING +5 ring of evasion (504 gold, have
                  | 66).
  1277 | D:2      | 1277 ||| SHOPLISTING +6 ring of dexterity (504 gold, have
                  | 66).
  1277 | D:2      | 1277 ||| SHOPLISTING amulet "Wilep" {Faith Harm rF+ rCorr
                  | Str-2} (775 gold, have 66).
  1277 | D:2      | 1277 ||| SHOPLISTING ring of fire (350 gold, have 66).
  1277 | D:2      | 1277 ||| SHOPLISTING ring of protection from cold (350
                  | gold, have 66).
  1539 | D:2      | 1539 ||| UPGRADING to ring of resist corrosion.
  1540 | D:2      | 1540 ||| READING scroll labelled DEGYPN BEUNK.
  1541 | D:2      | 1541 ||| READING scroll labelled DARUCO PIHE.
  1542 | D:2      | 1542 ||| READING scroll labelled YFROORISAI.
  1543 | D:2      | 1543 ||| READING scroll labelled JOPADEN ZOMI.
  1579 | D:3      | HP: 5/20 [burnt (6)]
  1580 | D:3      | Incinerated by a bombardier beetle

Levels and vault maps discovered:
D:1:      lightli_arrival_maybe_door_vault, layout_basic
D:2:      layout_basic, serial_shops, nicolae_shop_gaudy_bauble, st_stairs_1
D:3:      cheibrodos_thug_alley, layout_basic, mainiacjoe_overflow_paths,
          shapermc_ecumenical_altar_petra

Skill      XL: |  1  2  3 |
---------------+----------+-----
Ranged Weapons | 6 7 |  7.4
Fighting       | |  1.5
Dodging        | |  2.4
Stealth        | |  1.2

Action                     || total
---------------------------++-------
   Fire: Shortbow          ||   108
    Use: Scroll            ||     6
 Armour: Leather armour    ||     4
         Ring mail         ||    20
  Dodge: Dodged            ||    19

Table legend:
 A = Non-vault XP
 B = Vault XP
 C = Vault XP percentage of total XP
 D = Non-vault monster count
 E = Vault monster count
 F = Vault count percentage of total count
                 A         B        C        D         E       F
            +---------+---------+-------+---------+---------+-------
      Total |     137 |       4 |   2.8 |      37 |       3 |   7.5
            +---------+---------+-------+---------+---------+-------
        D:1 |      18 |       0 |   0.0 |       9 |       0 |   0.0
        D:2 |      66 |       4 |   5.7 |      24 |       3 |  11.1
        D:3 |      53 |       0 |   0.0 |       4 |       0 |   0.0
            +---------+---------+-------+---------+---------+-------
